 Dungeon Crawl Stone Soup version 0.28.0 (webtiles) character file.

Game seed: 11671508823143799209

358 jfcaron the Caller (level 6, -1/41 HPs)
             Began as a Barachi Summoner on Feb 6, 2022.
             Slain by a hornet (2 damage)
             ... on level 4 of the Dungeon.
             The game lasted 00:11:35 (5196 turns).

jfcaron the Caller (Barachi Summoner)               Turns: 5196, Time: 00:11:37

Health: -1/41      AC:  4    Str: 12    XL:     6   Next: 64%
Magic:  6/13       EV: 12    Int: 17    God:
Gold:   96         SH:  0    Dex: 10    Spells: 1/14 levels left

rFire   . . .      SeeInvis .   c - +0 spear
rCold   . . .      Faith    .   (no shield)
rNeg    . . .      Spirit   .   a - +0 robe
rPois   .          Reflect  .   (helmet restricted)
rElec   .          Harm     .   (no cloak)
rCorr   .          Rampage  .   o - +0 pair of gloves
Will    .....                   n - +0 pair of boots
Stlth   ++........              (no amulet)
HPRegen 0.13/turn               (no ring)
MPRegen 0.13/turn               (no ring)

@: lethally poisoned (-1 -> -9), slowed, very slow
A: amphibious, slowness 1, strong legs 1, +LOS, antennae 1, clumsy 1, strong 1,
wild magic 1
a: Hop


You were on level 4 of the Dungeon.
You visited 1 branch of the dungeon, and saw 4 of its levels.

You collected 96 gold pieces.

Inventory:

Hand Weapons
 c - a +0 spear (weapon)
 f - a +2 short sword of draining
 h - a +1 mace of venom
Missiles
 b - 5 poisoned darts (quivered)
 d - 94 stones
 i - 41 arrows
 r - 3 silver boomerangs
Armour
 a - a +0 robe (worn)
 n - a +0 pair of boots (worn)
 o - a +0 pair of gloves (worn)
Scrolls
 e - a scroll of silence
 l - a scroll of teleportation {unknown}
 m - a scroll of immolation
 q - a scroll of amnesia {unknown}
Potions
 g - a potion of magic
 j - a potion of mutation
 p - a potion of degeneration


   Skills:
 - Level 2.1 Dodging
 - Level 1.7 Stealth
 + Level 4.9 Spellcasting
 + Level 7.2 Summonings
 + Level 1.6 Air Magic


You had one spell level left.
You knew the following spells:

 Your Spells              Type           Power      Damage    Failure   Level
a - Summon Small Mammal   Summ           100%       N/A       1%          1
b - Call Imp              Summ           37%        N/A       2%          2
c - Call Canine Familiar  Summ           37%        N/A       4%          3
d - Summon Guardian Gole  Hex/Summ       21%        N/A       14%         3
e - Summon Lightning Spi  Summ/Air       25%        N/A       30%         4

Your spell library contained the following spells:

 Spells                   Type           Power      Damage    Failure   Level
 Freeze                   Ice            20%        1d4       21%         1
 Corpse Rot               Necr/Air       18%        N/A       22%         2
 Dazzling Flash           Conj/Hex       10%        N/A       50%         3
 Frozen Ramparts          Ice            10%        1d3       50%         3
 Dispel Undead            Necr           5%         3d7       87%         4
 Hailstorm                Conj/Ice       5%         3d4       87%         4
 Silence                  Hex/Air        4%         N/A       98%         5
 Agony                    Necr           5%         N/A       99%         5
 Death Channel            Necr           2%         N/A       100%        6


Dungeon Overview and Level Annotations

Branches:
Dungeon (4/15)
 Temple: D:4-7

Altars:
The Shining One

Annotations:
D:3 Grinder


Innate Abilities, Weirdness & Mutations

You are amphibious.
You cover ground slowly.
You can hop short distances.
You have an extended range of vision and can be seen from far away.
You have a pair of small antennae on your head.
You are clumsy. (Dex -2)
Your muscles are strong. (Str +2)
Your spells are a little harder to cast, but a little more powerful.


Message History

You are lethally poisoned!
You feel as though you will be slow longer.
Your hound misses the hornet.
Your quokka barely misses the hornet.
Your quokka closely misses the hornet.
The hornet closely misses you.
Your hound bites the hornet but does no damage.
Your crimson imp closely misses the hornet.
Your quokka closely misses the hornet. x2; The hornet stings your hound.
Your hound is poisoned.
Your hound seems to slow down.
Your hound bites the hornet.
You feel better. The hornet stings your hound!!
Your hound dies!
Your hound's corpse disappears in a puff of smoke!
Your quokka closely misses the hornet.
Your crimson imp closely misses the hornet.
Your quokka misses the hornet. The hornet stings your quokka!
Your quokka dies!
Your quokka's corpse disappears in a puff of smoke!
Your crimson imp blinks!
Your quokka barely misses the hornet.
The hornet buzzes angrily.
Unknown command.
Casting: Summon Small Mammal (safe; 1% risk of failure)
Confirm with . or Enter, or press ? or * to list all spells.
The hornet stings you!
* * * LOW HITPOINT WARNING * * *
You feel as though you will be slow longer.
Your quokka bites the hornet but does no damage.
The hornet stings you.
* * * LOW HITPOINT WARNING * * *
You are lethally poisoned!
You feel as though you will be slow longer.
Your quokka closely misses the hornet.
Really quaff the potion of mutation?
You feel extremely strange.
You feel clumsy. A pair of antennae grows on your head!
You feel less in control of your magic.
You feel stronger.
* * * LOW HITPOINT WARNING * * *
You feel very sick. The hornet stings you.
You die...

.# ########....
.#####......#...#
................
.#####......#... .#
#......##.# .. .#
#......##.#######...
.#
#......##h..........
.#
#......#............
##
#........5.@.......#
#
######.#....yr.....#
# ...#...........#
##
#....#........(..#
.#
#....########.#..#
.# #....# .# .# .#
#....# # # .# #....#
.# #....###


You could see a hornet (poisoned, ally target), a friendly hound (summoned), a
friendly crimson imp (summoned) and a friendly quokka (summoned).

Vanquished Creatures
  A phantom (D:4)
  Jessica (D:2)
  2 orc wizards (D:4)
  4 gnolls (D:2)
  8 adders
  An adder skeleton (D:3)
  A worm (D:4)
  3 dart slugs
  5 orcs (D:4)
  3 ball pythons (D:1)
  6 bats
  10 endoplasms
  2 giant cockroaches
  17 hobgoblins
  5 quokkas
  2 frilled lizards
  5 goblins
  4 kobolds
  3 rats
  4 plants
  4 toadstools (D:1)
91 creatures vanquished.

Notes
Turn   | Place    | Note
-------+----------+-------------------------------------------
     0 | D:1      | jfcaron the Barachi Summoner began the quest for the Orb.
     0 | D:1      | Reached XP level 1. HP: 13/13 MP: 3/3
   138 | D:1      | Reached skill level 5 in Summonings
   301 | D:1      | HP: 2/13 [frozen (4)]
   306 | D:1      | Reached XP level 2. HP: 3/19 MP: 1/5
   309 | D:1      | Learned a level 2 spell: Call Imp
  1187 | D:1      | Reached XP level 3. HP: 24/24 MP: 1/7
  1226 | D:1      | Found a faded altar of an unknown god.
  1791 | D:2      | Learned a level 3 spell: Call Canine Familiar
  1818 | D:2      | Reached XP level 4. HP: 26/30 MP: 1/9
  1915 | D:2      | You fall into a shaft and drop 2 floors!
  1946 | D:3      | Found a glowing golden altar of the Shining One.
  1957 | D:3      | Reached skill level 6 in Summonings
  2102 | D:2      | HP: 6/30 [adder (2)]
  2656 | D:2      | Noticed Jessica
  2669 | D:2      | Killed Jessica
  2670 | D:2      | Reached XP level 5. HP: 35/35 MP: 3/10
  4163 | D:3      | Noticed Grinder
  4739 | D:4      | Reached XP level 6. HP: 41/41 MP: 7/12
  4743 | D:4      | Learned a level 3 spell: Summon Guardian Golem
  4748 | D:4      | Learned a level 4 spell: Summon Lightning Spire
  4802 | D:4      | Reached skill level 7 in Summonings
  4858 | D:4      | Reached skill level 1 in Air Magic
  5173 | D:4      | Noticed a hornet
  5193 | D:4      | HP: 6/41 [hornet (15)]
  5196 | D:4      | Gained mutation: You are clumsy. (Dex -2) [potion of
                  | mutation]
  5196 | D:4      | Gained mutation: You have a pair of small antennae on your
                  | head. [potion of mutation]
  5196 | D:4      | Gained mutation: Your spells are a little harder to cast,
                  | but a little more powerful. [potion of mutation]
  5196 | D:4      | Gained mutation: Your muscles are strong. (Str +2) [potion
                  | of mutation]
  5196 | D:4      | HP: 1/41 [poisoned by a hornet]
  5196 | D:4      | Slain by a hornet

Illustrated notes

Levels and vault maps discovered:
D:1:      ldierk_water_garden, layout_rooms, hellmonk_ecumenical_altar_zigzags
D:2:      layout_basic, serial_bayou_pond_d, minmay_heptomino_o4, uniq_jessica
D:3:      layout_loops_ring, mainiacjoe_overflow_chevrons, uniq_grinder
D:4:      layout_basic, temple_doors_e, uniq_ijyb

Skill      XL: |  1  2  3  4  5  6 |
---------------+-------------------+-----
Summonings     | 5 6 7 |  7.2
Spellcasting   | 3 4 |  4.9
Air Magic      | 1 |  1.6
Dodging        | |  2.1
Stealth        | |  1.7

Action                   |  1- 3 |  4- 6 || total
-------------------------+-------+-------++-------
Melee: Club              |    14 |       ||    14
       Short sword       |    15 |     1 ||    16
       Punch             |     1 |     4 ||     5
       Spear             |       |   136 ||   136
Throw: Dart              |    17 |    14 ||    31
 Cast: Summon Small Mamm |    16 |    21 ||    37
       Call Imp          |     8 |    12 ||    20
       Call Canine Famil |     1 |    16 ||    17
  Use: Scroll            |     3 |     5 ||     8
       Potion            |       |     3 ||     3
 Stab: Distracted        |       |     5 ||     5
       Sleeping          |       |     3 ||     3
Armor: Robe              |    10 |    18 ||    28
Dodge: Dodged            |    27 |    75 ||   102
